 Dungeon Crawl Stone Soup version 0.27-a0-343-gfcad680f63 (webtiles) character file.

Game seed: 16122503577572914243

36 Demosthentine the Insei (level 3, 0/28 HPs)
             Began as a Merfolk Gladiator on Feb 15, 2021.
             Slain by an adder (4 damage)
             ... on level 2 of the Dungeon.
             The game lasted 00:00:45 (1487 turns).

Demosthentine the Insei (Merfolk Gladiator)         Turns: 1487, Time: 00:00:46

Health: 0/28       AC:  4    Str: 15    XL:     3   Next: 37%
Magic:  3/3        EV: 14    Int:  7    God:
Gold:   43         SH:  0    Dex: 15    Spells: 2/2 levels left

rFire    . . .     SeeInvis .   a - +0 trident
rCold    . . .     Faith    .   (no shield)
rNeg     . . .     Spirit   .   b - +0 leather armour
rPois    .         Reflect  .   c - +0 helmet
rElec    .         Harm     .   (no cloak)
rCorr    .         Rampage  .   (no gloves)
Will     .....                  (no boots)
Stlth    +.........             (no amulet)
HPRegen  0.09/turn              (no ring)
MPRegen  0.08/turn              (no ring)

@: lethally poisoned (0 -> -16)
A: change form in water, swift swim, stealthy swim
a: no special abilities


You were on level 2 of the Dungeon.
You visited 1 branch of the dungeon, and saw 2 of its levels.

You collected 43 gold pieces.

Inventory:

Hand Weapons
 a - a +0 trident (weapon)
Missiles
 d - 3 throwing nets (quivered)
Armour
 b - a +0 leather armour (worn)
 c - a +0 helmet (worn)
Jewellery
 h - an amulet of magic regeneration {unknown}
 i - a ring of resist corrosion {unknown}
Scrolls
 f - a scroll of teleportation {unknown}
 g - a scroll of identify
Potions
 e - 2 potions of brilliance


   Skills:
 + Level 2.7 Fighting
 + Level 4.9 Polearms
 - Level 2.0 Throwing
 + Level 0.9 Armour
 + Level 4.5 Dodging


You had 2 spell levels left.
You didn't know any spells.
Your spell library contained the following spells:

 Spells                   Type           Power        Failure   Level
 Sting                    Tmut/Pois      0%           50%         1
 Poisonous Vapours        Pois/Air       0%           65%         2
 Ignite Poison            Fire/Tmut/Pois 0%           86%         3
 Mephitic Cloud           Conj/Pois/Air  0%           86%         3
 Olgreb's Toxic Radiance  Pois           0%           99%         4


Dungeon Overview and Level Annotations

Branches:
Dungeon (2/15)

Altars:
Kikubaaqudgha
Qazlal


Message History

Unknown command.
You closely miss the adder.
The adder is almost dead.
The adder misses you. The adder bites you but does no damage.
The adder closely misses you.
Unknown command.
You completely miss the adder.
The adder is almost dead.
You feel sick. The adder bites you.
You are more poisoned.
The adder poisons you! The adder closely misses you. The adder bites you.
You are more poisoned.
The adder poisons you!
Unknown command.
You are too injured to fight recklessly!
Unknown command.
You barely miss the adder.
The adder is almost dead.
You feel sick. The adder bites you.
* * * LOW HITPOINT WARNING * * *
The adder barely misses you.
Unknown command.
Okay, then.
You barely miss the adder.
The adder is almost dead.
The adder bites you but does no damage. The adder barely misses you.
The adder bites you but does no damage.
You closely miss the adder.
The adder is almost dead.
* * * LOW HITPOINT WARNING * * *
You feel sick. The adder barely misses you. The adder closely misses you.
The adder bites you.
* * * LOW HITPOINT WARNING * * *
You are more poisoned.
The adder poisons you!
You closely miss the adder.
The adder is almost dead.
* * * LOW HITPOINT WARNING * * *
You feel sick. The adder bites you.
You die...

.........# #..####..####
#.#. .........
.....>......# ##...
.#######....######..##
####...........##
S.######............#..#
.........####.##...###.#
..#.....## ...... #.#
....###S###.#.###..###.#
.#.....@................
.......)S)...##.#.......
....#.<......##.........
### ##.......# ####.....
#........# ##....
#......... #....
#####..##. ...... #..
.##.... ......


You could see 2 adders.

Vanquished Creatures
  An adder (D:2)
  A leopard gecko (D:2)
  5 bats
  6 goblins
  4 hobgoblins
  A ball python (D:2)
  3 frilled lizards
  2 kobolds
  3 rats
26 creatures vanquished.

Vanquished Creatures (others)
  5 withered plants (D:2)
5 creatures vanquished.

Grand Total: 31 creatures vanquished

Notes
Turn   | Place    | Note
-------+----------+-------------------------------------------
     0 | D:1      | Demosthentine the Merfolk Gladiator began the quest for the
                  | Orb.
     0 | D:1      | Reached XP level 1. HP: 16/16 MP: 1/1
   100 | D:1      | Reached XP level 2. HP: 23/23 MP: 2/2
  1207 | D:2      | Reached XP level 3. HP: 21/28 MP: 3/3
  1388 | D:2      | Found an ancient bone altar of Kikubaaqudgha.
  1436 | D:2      | Found a stormy altar of Qazlal.
  1487 | D:2      | Slain by an adder

Illustrated notes

Levels and vault maps discovered:
D:1:      dpeg_arrival_tiny_h, layout_loops_corners, roderic_lattice_a,
          amethyst_killhole
D:2:      layout_rooms, kiku_gazebo_garden_becter, lemuel_crystal_altar,
          minmay_diced_spiral

Action                   || total
-------------------------++-------
Melee: Trident           ||    86
  Use: Scroll            ||     1
Armor: Leather armour    ||    18
Dodge: Dodged            ||    43

Table legend: (Time is in decaauts)
 A = Elapsed time spent in this place.
 B = Non-inter-level travel time spent in this place.
 C = Inter-level travel time spent in this place.
 D = Time resting spent in this place.
 E = Time spent auto-exploring this place.
 F = Levels seen in this place.
 G = Mean time per level.
                   A        B        C        D        E       F      G
               +--------+--------+--------+--------+--------+-----+--------+
         Total |   1492 |   1476 |     16 |    183 |   1128 |   2 |  746.0 |
       Dungeon |   1492 |   1476 |     16 |    183 |   1128 |   2 |  746.0 |
               +--------+--------+--------+--------+--------+-----+--------+

Top non-repeatable levels by time:
     D:1: 873 daAuts
     D:2: 619 daAuts
